 Dungeon Crawl Stone Soup version 0.23-a0-644-gb60d84b (webtiles) character file.

4110 Borgoz the Cleaver (level 10, -9/91 HPs)
             Began as a Minotaur Berserker on Jan 1, 2019.
             Was an Elder of Trog.
             Mangled by an orc warrior
             ... wielding a +0 spear
              (12 damage)
             ... in a bailey.
             The game lasted 00:16:27 (8289 turns).

Borgoz the Cleaver (Minotaur Berserker)             Turns: 8289, Time: 00:16:29

Health: -9/91      AC:  3    Str: 23    XL:     10   Next: 6%
Magic:  3/3        EV: 16    Int:  4    God:    Trog [****..]
Gold:   51         SH:  0    Dex: 12    Spells: 9/9 levels left

rFire    + . .     SeeInvis .   a - +2 hand axe (antimagic)
rCold    . . .     Gourm    .   (no shield)
rNeg     . . .     Faith    .   l - +0 leather armour
rPois    .         Spirit   .   (helmet restricted)
rElec    .         Reflect  .   (no cloak)
rCorr    .         Harm     .   (no gloves)
MR       ++...                  (no boots)
Stlth    +.........             u - amulet of rage
HPRegen  1.25/turn              y - ring of protection from fire
MPRegen  0.08/turn              (no ring)

@: regenerating, hasted, very quick
A: retaliatory headbutt, horns 2
a: Berserk, Trog's Hand, Brothers in Arms, Renounce Religion, Evoke Berserk Rage


You were in a bailey.
You worshipped Trog.
Trog was greatly pleased with you.
You were not hungry.

You visited 2 branches of the dungeon, and saw 9 of its levels.
You also visited: Bailey.

You collected 338 gold pieces.
You spent 287 gold pieces at shops.

Inventory:

Hand Weapons
 a - a +2 antimagic hand axe (weapon)
Armour
 l - a +0 leather armour (worn)
Jewellery
 u - an amulet of rage (around neck)
 y - a ring of protection from fire (left hand)
Wands
 s - a wand of acid (19)
 A - a wand of scattershot (4)
Scrolls
 h - 2 scrolls of remove curse
 k - 4 scrolls of teleportation
 p - a scroll of enchant armour
Potions
 e - a potion of lignification
 f - 3 potions of haste
 i - 2 potions of curing
 j - 2 potions of flight {unknown}
 m - a potion of invisibility {unknown}
 n - 3 potions of cancellation
 q - a potion of resistance {unknown}
 r - 2 potions of agility
 v - 2 potions of might {unknown}
 x - 2 potions of heal wounds {unknown}
 z - a potion of degeneration {unknown}
Comestibles
 c - 16 rations
 t - 2 chunks of flesh


   Skills:
 + Level 9.0 Fighting
 + Level 12.0 Axes
 + Level 6.1 Armour
 + Level 7.8 Dodging


You had 9 spell levels left.
You didn't know any spells.
Your spell library contained the following spells:

 Spells                   Type           Power        Failure   Level  Hunger
 Passwall                 Tmut/Erth      #.......     67%         2    ###....
 Swiftness                Chrm/Air       #.......     67%         2    ###....
 Passage of Golubria      Tloc           N/A          99%         4    #####..
 Lee's Rapid Deconstruct  Erth           #.........   100%        5    ######.
 Darkness                 Hex            #.........   100%        6    #######
 Invisibility             Hex            #.......     100%        6    #######


Dungeon Overview and Level Annotations

Branches:
Dungeon (8/15)             Temple (1/1) D:4
   Lair: D:8-11

Altars:
Cheibriados
Dithmenos
Elyvilon
Fedhas
Gozag
Hepliaklqana
Kikubaaqudgha
Makhleb
Nemelex Xobeh
Okawaru
Qazlal
Ru
Sif Muna
Trog
Uskayaw
Vehumet
Wu Jian
Xom
Yredelemnul
Zin
The Shining One

Shops:
D:4 =   D:6 (*[%   D:8 *


Innate Abilities, Weirdness & Mutations

You reflexively headbutt those who attack you in melee.
You have a pair of horns on your head.


Message History

The orc warrior hits you from afar with a +0 spear!
The centaur hits you with a +0 trident.
The centaur throws a javelin of returning.
The javelin of returning hits you!
* * * LOW HITPOINT WARNING * * *
The weapon returns to the centaur!
The centaur closely misses you. You furiously retaliate!
You headbutt the centaur! The orc misses you.
You hit the centaur.
You headbutt the centaur, but do no damage.
The centaur is heavily wounded.
A centaur comes into view. It is wielding a +0 halberd.
The centaur hits you with a +0 trident!
* * * LOW HITPOINT WARNING * * *
You feel yourself speed up.
The centaur throws a javelin of returning.
The javelin of returning hits you!
* * * LOW HITPOINT WARNING * * *
The weapon returns to the centaur!
The orc warrior hits you from afar with a +0 spear!
You die...

≈≈≈c.≈≈≈≈≈#
..≈≈≈.≈≈≈≈#
....≈.≈≈≈≈#
..⌠.≈≈.≈≈≈#
.....≈.≈≈≈#
≈....≈≈.≈≈#
≈.....≈c≈≈#
≈....o≈@≈≈#
≈.....≈.≈≈#
≈....o≈(≈≈#
≈....o≈.≈≈#
≈...c≈≈.≈≈#
.....≈.≈≈≈#
..⌠.≈≈.≈≈≈#
....≈.≈≈≈≈#
..≈≈≈.≈≈≈≈#


You could see an orc warrior, 3 centaurs and 2 orcs.

Vanquished Creatures
  A two-headed ogre (D:8)
  Grinder (D:3)
  Prince Ribbit (D:5)
  Sigmund (D:3)
  A hungry ghost (D:8)
  A water moccasin (D:7)
  An orc warrior (D:8)
  2 eyes of draining (D:3)
  A black bear (D:7)
  A phantom (D:4)
  A necrophage (D:7)
  4 ogres
  4 centaurs
  3 bullfrogs
  2 scorpions
  4 howler monkeys
  3 bullfrog zombies
  6 crimson imps
  A centaur zombie (D:7)
  2 hounds
  A bullfrog skeleton (D:6)
  A centaur skeleton (D:5)
  Jessica (D:2)
  2 iguanas
  3 worker ants
  4 orc wizards
  Terence (D:3)
  A hound zombie (D:5)
  A hound skeleton (D:8)
  A worker ant zombie (D:6)
  Robin (D:3)
  4 gnolls (D:4)
  A howler monkey skeleton (D:6)
  9 adders
  A shadow imp (D:5)
  An ooze (D:1)
  An adder skeleton (D:6)
  A worm (D:3)
  3 dart slugs
  8 leopard geckos
  23 orcs
  5 giant cockroaches
  14 goblins
  12 hobgoblins
  5 jackals
  5 quokkas
  2 ball pythons (D:3)
  6 bats
  A frilled lizard (D:2)
  A giant cockroach zombie (D:5)
  8 kobolds (D:2)
  A leopard gecko skeleton (D:5)
  A quokka skeleton (D:8)
  4 rats
175 creatures vanquished.

Vanquished Creatures (others)
  An ogre (D:5)
  A scorpion (D:5)
2 creatures vanquished.

Grand Total: 177 creatures vanquished

Notes
Turn   | Place    | Note
-------+----------+-------------------------------------------
     0 | D:1      | Borgoz the Minotaur Berserker began the quest for the Orb.
     0 | D:1      | Reached XP level 1. HP: 19/19 MP: 0/0
    68 | D:1      | Reached XP level 2. HP: 18/27 MP: 1/1
   199 | D:1      | Reached skill level 4 in Axes
  1166 | D:2      | Reached XP level 3. HP: 24/33 MP: 2/2
  1402 | D:2      | Noticed Jessica
  1409 | D:2      | Killed Jessica
  1448 | D:2      | Reached XP level 4. HP: 40/41 MP: 3/3
  1733 | D:2      | Reached ** piety under Trog
  2017 | D:2      | Found a sacrificial altar of Ru.
  2314 | D:2      | Reached skill level 5 in Axes
  2349 | D:2      | Found a basalt altar of Yredelemnul.
  2403 | D:3      | Noticed Sigmund
  2403 | D:3      | Noticed Grinder
  2411 | D:3      | Killed Sigmund
  2411 | D:3      | Reached skill level 5 in Fighting
  2411 | D:3      | Reached XP level 5. HP: 48/48 MP: 4/4
  2420 | D:3      | Killed Grinder
  2420 | D:3      | Reached skill level 6 in Axes
  2420 | D:3      | Reached XP level 6. HP: 4/57 MP: 5/5
  2692 | D:3      | Noticed Terence
  2708 | D:3      | Killed Terence
  2905 | D:3      | Reached skill level 7 in Axes
  2905 | D:3      | Reached XP level 7. HP: 46/63 MP: 6/6
  3306 | D:3      | Found a bloodstained altar of Trog.
  3371 | D:3      | Found a sparkling altar of Nemelex Xobeh.
  3371 | D:3      | Found a snail-covered altar of Cheibriados.
  3492 | D:3      | Noticed Robin
  3498 | D:3      | Reached skill level 5 in Dodging
  3501 | D:3      | Killed Robin
  3717 | D:4      | Reached skill level 8 in Axes
  4065 | D:4      | Found a glowing golden altar of the Shining One.
  4162 | D:4      | Found Vimnor's Jewellery Shoppe.
  4299 | D:4      | Found a staircase to the Ecumenical Temple.
  4392 | Temple   | Entered the Ecumenical Temple
  4460 | D:4      | You fall through a shaft for 2 floors!
  4490 | D:6      | Reached XP level 8. HP: 71/71 MP: 2/7
  4523 | D:6      | Reached *** piety under Trog
  4523 | D:6      | Reached skill level 9 in Axes
  4651 | D:5      | Entered Level 5 of the Dungeon
  4687 | D:5      | Found a shimmering altar of Xom.
  5282 | D:5      | Reached skill level 10 in Axes
  5719 | D:5      | Found a hazy altar of Hepliaklqana.
  5720 | D:5      | Found a shimmering altar of Xom.
  5721 | D:5      | Noticed a spectral ugly thing
  5786 | D:5      | Noticed Prince Ribbit
  5803 | D:5      | Killed Prince Ribbit
  6070 | D:6      | Reached **** piety under Trog
  6075 | D:6      | Found Xoshra's Weapon Emporium.
  6094 | D:6      | Reached XP level 9. HP: 77/79 MP: 2/8
  6355 | D:6      | Found Tufibire's Assorted Antiques.
  6408 | D:6      | Found Qatat's Armour Shoppe.
  6595 | D:6      | Found Puevym's Food Shop.
  7309 | D:6      | Bought a scorched war axe for 263 gold pieces
  7309 | D:6      | Identified the cursed +2 war axe of Ruetzon {chop, rN+
                  | Int+4 Dex-4 Stlth+} (You bought it in a shop on level 6 of
                  | the Dungeon)
  7342 | D:7      | Reached skill level 11 in Axes
  7650 | D:8      | Noticed a two-headed ogre
  7661 | D:8      | Killed a two-headed ogre
  7661 | D:8      | Reached skill level 5 in Armour
  7875 | D:8      | Found Debis's General Store.
  7881 | D:8      | Bought a scroll of identify for 24 gold pieces
  7907 | D:8      | Reached XP level 10. HP: 75/90 MP: 3/9
  8035 | D:8      | Reached skill level 12 in Axes
  8080 | D:8      | Found an opulent altar of Gozag.
  8118 | D:8      | Found an ornate altar of the Wu Jian Council.
  8169 | D:8      | Received a gift from Trog
  8201 | D:8      | Found a flagged portal.
  8270 | Bailey   | Entered a bailey
  8289 | Bailey   | HP: 3/91 [centaur/javelin of returning (7)]
  8289 | Bailey   | Mangled by an orc warrior

Vault maps used:
D:1:      tarquinn_simple_flora_water_e
D:2:      yredelemnul_altar_generic, nicolae_ru_path_of_blood, first_ration,
          uniq_jessica
D:3:      gammafunk_temple_overflow_wave, trog_eyes_of_draining, uniq_sigmund,
          uniq_grinder, uniq_robin, uniq_terence
D:4:      nicolae_overflow_hidden_temple, nicolae_tso_carved_into_rock,
          minmay_temple_entry_enclosed_plants, serial_shops, shop
D:5:      regret_index_temple_of_mockery, xom_confusion_cloud,
          uniq_prince_ribbit1
D:6:      serial_shops, shop, nicolae_shop_waterfront, shop, shop,
          serial_park_tiny_2
D:8:      nicolae_gozag_cash_rules_everything_around_me, lemuel_doored_altar,
          serial_shops, shop, enter_bailey_8
Temple:   nicolae_temple_no_exploring_needed
Bailey:   bailey_polearm_flooded_kennysheep, bailey

Skill      XL: |  1  2  3  4  5  6  7  8  9 10 |
---------------+-------------------------------+-----
Fighting       | 4 5 6 7 8 9 |  9.0
Axes           | 4 5 6 7 8 10 11 12 | 12.0
Dodging        | 3 4 5 6 7 |  7.8
Armour         | 3 6 |  6.1

Action                   |  1- 3 |  4- 6 |  7- 9 | 10-12 || total
-------------------------+-------+-------+-------+-------++-------
Melee: Hand axe          |    44 |    82 |   318 |    24 ||   468
       Headbutt          |     5 |    18 |    58 |     7 ||    88
Invok: Berserk           |       |     2 |     6 |       ||     8
       Trog's Hand       |       |       |     3 |     1 ||     4
  Use: Scroll            |       |       |    12 |     2 ||    14
       Potion            |       |       |       |     2 ||     2
 Stab: Sleeping          |     1 |       |     1 |       ||     2
  Eat: Chunk             |     1 |     3 |    25 |     2 ||    31
       Ration            |       |     1 |       |       ||     1
Armor: Animal skin       |    11 |     5 |     2 |       ||    18
       Leather armour    |       |       |    22 |     3 ||    25
Dodge: Dodged            |    40 |    43 |   192 |    32 ||   307

Table legend:
 A = Non-vault XP
 B = Vault XP
 C = Vault XP percentage of total XP
 D = Non-vault monster count
 E = Vault monster count
 F = Vault count percentage of total count
                 A         B        C        D         E       F
            +---------+---------+-------+---------+---------+-------
      Total |    4657 |    1215 |  20.7 |     149 |      26 |  14.9
            +---------+---------+-------+---------+---------+-------
        D:1 |      29 |       0 |   0.0 |      11 |       0 |   0.0
        D:2 |      87 |      37 |  29.8 |      27 |       1 |   3.6
        D:3 |     169 |     828 |  83.0 |      19 |      19 |  50.0
        D:4 |     237 |       0 |   0.0 |      10 |       0 |   0.0
        D:5 |     718 |     350 |  32.8 |      29 |       6 |  17.1
        D:6 |     716 |       0 |   0.0 |      26 |       0 |   0.0
        D:7 |     677 |       0 |   0.0 |       7 |       0 |   0.0
        D:8 |    2024 |       0 |   0.0 |      20 |       0 |   0.0
            +---------+---------+-------+---------+---------+-------
